 Dungeon Crawl Stone Soup version 0.18-a0-846-g91b95b1 (webtiles) character file.

4090 root the Poker (level 10, 0/84 HPs)
             Began as a Centaur Fighter on Dec 20, 2015.
             Was an Elder of Qazlal.
             Slain by a yak (5 damage)
             ... on level 8 of the Dungeon.
             The game lasted 01:08:11 (10513 turns).

root the Poker (Centaur Fighter)                   Turns: 10513, Time: 01:08:11

Health: 0/84       AC: 10    Str: 18 (19) XL:     10   Next: 5%
Magic:  10/10      EV:  7    Int:  5 (7)  God:    Qazlal [****..]
Gold:   426        SH: 14    Dex: 11 (12) Spells: 0 memorised, 9 levels left

rFire  . . .     SeeInvis +     j - +0 spear
rCold  . . .     Gourm    .     b - +0 scale mail
rNeg   + . .     Faith    .     c - +0 shield
rPois  .         Spirit   .     k - +0 helmet
rElec  .         Dismiss  .     t - +0 cloak
rCorr  .         Reflect  .     (no gloves)
SustAt .         Harm     .     (no barding)
MR     .....                    (no amulet)
Stlth  ..........               P - ring of stealth
                                l - ring of positive energy

@: repel missiles, invisible, very quick, not resistant to hostile enchantments,
extremely unstealthy
A: claws 1, hooves 3, see invisible, deformed body, deterioration 1, speed 2,
tough skin 3
a: Upheaval, Elemental Force, Renounce Religion


You were on level 8 of the Dungeon.
You worshipped Qazlal.
Qazlal was greatly pleased with you.
You were not hungry.

You visited 1 branch of the dungeon, and saw 8 of its levels.
You also visited: Ossuary.

You collected 514 gold pieces.
You spent 88 gold pieces at shops.

Inventory:

Hand Weapons
 a - a +0 trident
 j - a +0 spear (weapon)
 I - a +0 shortbow
 K - a +1 halberd of venom
Missiles
 r - 14 arrows of frost
 A - 126 arrows
Armour
 b - a +0 scale mail (worn)
 c - a +0 shield (worn)
 k - a +0 helmet (worn)
 t - a +0 cloak (worn)
Jewellery
 l - a ring of positive energy (left claw)
 y - an uncursed ring of flight
 P - a ring of stealth (right claw)
 U - a cursed -5 ring of intelligence {unknown}
Wands
 M - a wand of frost (17/48)
 R - a wand of disintegration (9/24)
Scrolls
 i - 2 scrolls of fear {unknown}
 m - 2 scrolls of magic mapping {unknown}
 n - 2 scrolls of blinking {unknown}
 p - 3 scrolls of enchant weapon {unknown}
 w - a scroll of enchant armour {unknown}
 z - 8 scrolls of teleportation {unknown}
 D - a scroll of random uselessness {unknown}
 F - 2 scrolls of amnesia {unknown}
 H - 2 scrolls of remove curse {unknown}
 J - 2 scrolls of fog {unknown}
Potions
 d - 3 potions of might
 e - 2 potions of flight
 g - a potion of ambrosia
 o - 2 potions of mutation
 s - 4 potions of invisibility
 v - 5 potions of agility
 B - 2 potions of magic
 C - 4 potions of curing
 E - 2 potions of heal wounds
 G - 2 potions of degeneration {unknown}
 L - a potion of cancellation {unknown}
 N - a potion of haste
 O - 2 potions of brilliance {unknown}
 S - a potion of lignification {unknown}
Books
 T - a book of Cantrips

   Spells                             Type                      Level
   a - Corona                         Hexes                        1
   b - Animate Skeleton               Necromancy                   1
   c - Summon Small Mammal            Summoning                    1
   d - Apportation                    Translocation                1
Comestibles
 f - 3 bread rations
 h - 4 beef jerkies
 q - 3 fruits
 u - 2 slices of pizza
 x - 3 meat rations


   Skills:
 + Level 6.6 Fighting
 + Level 7.0 Polearms
 + Level 3.6 Bows
 + Level 5.5 Armour
 + Level 4.1 Dodging
 - Level 0.1 Stealth
 + Level 5.1 Shields


You had 9 spell levels left.
You didn't know any spells.

Dungeon Overview and Level Annotations

Branches:
Dungeon (8/15)             Temple (0/1) D:4
   Lair: D:8-11

Altars:
Ashenzari
Gozag
Kikubaaqudgha
Makhleb
Pakellas
Qazlal
Sif Muna
Trog
Vehumet
Yredelemnul

Shops:
D:5 (

Annotations:
D:3 Sigmund
D:8 exclusion: oklob plant


Innate Abilities, Weirdness & Mutations

You have hooves in place of feet.
Armour fits poorly on your strangely shaped body.
You cover ground very quickly.
You have extremely tough skin (AC +3).
You have sharp fingernails.
You have supernaturally acute eyesight.
Your body sometimes deteriorates upon taking damage.


Message History

You block the yak's attack.
An orc comes into view. It is wielding a whip.
The giant frog is engulfed in freezing vapours.
You kill the giant frog!
Qazlal accepts your kill.
The centaur wields a shortbow.
The centaur shoots an arrow.
The arrow is repelled.
You see here an arrow.
The centaur shoots an arrow.
The arrow is repelled.
You are too injured to fight recklessly!
The centaur shoots an arrow.
You block the arrow.
Read which item? (? for menu, Esc to quit)
Identify which item? (\ to view known items) (? for menu, Esc to quit)
As you read the scroll of identify, it crumbles to dust.
e - 2 potions of flight You block the yak's attack.
Drink which item? (? for menu, Esc to quit)
You fade into invisibility!
The yak gores you.
You die...

######.........##
#...............#
#...............#
#...............#
#...............#
#.....(.........#
##.......§.....##
##.....§§§...###
######@######.#
##### #Y## #..#
#...# #tr# ##.##
#...# ##oo###.<#
#..§# ##o§cW...##
#...###..r.#######
#.........o.......
#...####...#######
#...# #.#.#####


You could see a yak, a phantom, a crocodile, a centaur, an orc priest, 3 orcs
and 2 rats.

Vanquished Creatures
  Pikel (D:6)
  Grinder (D:6)
  A yak (D:8)
  3 slaves (D:7)
  2 sky beasts
  2 ice beasts
  4 ogres
  3 phantoms
  A big kobold (D:7)
  3 centaurs
  2 elf zombies (Ossuary)
  2 giant frogs
  A scorpion (D:7)
  4 electric eels (D:7)
  3 crimson imps
  3 giant frog zombies
  A quasit (D:7)
  3 centaur zombies
  9 jellies
  4 hounds
  An orc priest (D:7)
  Natasha (D:3)
  A giant frog skeleton (D:7)
  4 orc wizards
  2 iguanas
  3 worker ants
  A hound skeleton (D:5)
  2 mummies (Ossuary)
  11 adders
  2 shadow imps
  16 oozes
  An adder skeleton (D:4)
  3 adder zombies (Ossuary)
  4 worms
  6 giant geckos
  23 orcs
  9 bats
  4 goblins
  4 hobgoblins
  9 kobolds
  5 quokkas
  4 giant cockroaches
  7 giant newts
  A goblin zombie (Ossuary)
  7 hobgoblin zombies (Ossuary)
  3 jackals (D:2)
  3 jackal zombies (Ossuary)
  8 kobold zombies (Ossuary)
  10 orc zombies (Ossuary)
  8 rats
  2 plants (D:7)
  2 withered plants (D:4)
220 creatures vanquished.

Vanquished Creatures (others)
  A water moccasin (D:5)
  A slave (D:7)
  An electric eel (D:7)
  35 fungi (D:8)
  10 plants
  A withered plant (D:4)
49 creatures vanquished.

Grand Total: 269 creatures vanquished

Notes
Turn   | Place    | Note
--------------------------------------------------------------
     0 | D:1      | root the Centaur Fighter began the quest for the Orb.
     0 | D:1      | Reached XP level 1. HP: 19/19 MP: 1/1
   151 | D:1      | Reached XP level 2. HP: 19/26 MP: 2/2
   780 | D:2      | Found a stormy altar of Qazlal.
   785 | D:2      | Became a worshipper of Qazlal Stormbringer
   815 | D:2      | Reached XP level 3. HP: 21/31 MP: 3/3
  1053 | D:2      | Found an opulent altar of Gozag.
  1105 | D:2      | Found a deep blue altar of Sif Muna.
  1751 | D:3      | Reached XP level 4. HP: 38/38 MP: 4/4
  2186 | D:3      | Noticed Sigmund
  2248 | D:3      | Reached * piety under Qazlal
  2651 | D:3      | Noticed Natasha
  2669 | D:3      | Killed Natasha
  2669 | D:3      | Reached skill level 1 in Dodging
  2669 | D:3      | Reached XP level 5. HP: 12/45 MP: 5/5
  2972 | D:3      | Found a basalt altar of Yredelemnul.
  3082 | D:4      | Found a staircase to the Ecumenical Temple.
  3202 | D:4      | Noticed an ogre
  3222 | D:4      | Noticed an ogre
  3300 | D:4      | Found a shattered altar of Ashenzari.
  3346 | D:3      | HP: 2/46 [adder (3)]
  3349 | D:3      | Reached XP level 6. HP: 3/52 MP: 6/6
  3353 | D:3      | HP: 2/52 [poisoned by an adder]
  3395 | D:4      | Found an ancient bone altar of Kikubaaqudgha.
  3455 | D:4      | Found a sand-covered staircase.
  3460 | Ossuary  | Entered an ossuary
  3807 | Ossuary  | Reached skill level 4 in Fighting
  3819 | Ossuary  | Reached ** piety under Qazlal
  4030 | Ossuary  | Reached XP level 7. HP: 56/59 MP: 7/7
  4611 | D:4      | Reached *** piety under Qazlal
  4742 | D:5      | Entered Level 5 of the Dungeon
  4994 | D:5      | Found an oddly glowing altar of Pakellas.
  5067 | D:5      | Reached XP level 8. HP: 67/67 MP: 8/8
  5086 | D:5      | Reached skill level 5 in Polearms
  5221 | D:5      | Found a radiant altar of Vehumet.
  5272 | D:5      | Reached skill level 5 in Fighting
  5503 | D:5      | Found Nifamuqusy's Antique Weapon Boutique.
  5509 | D:5      | Bought a runed halberd for 88 gold pieces
  5886 | D:5      | Found a burning altar of Makhleb.
  5886 | D:5      | Noticed a green death
  5901 | D:5      | Found a bloodstained altar of Trog.
  6210 | D:6      | Noticed Grinder
  6517 | D:5      | Gained mutation: Your body sometimes deteriorates upon taking damage. [mutagenic meat]
  6518 | D:5      | Gained mutation: You have supernaturally acute eyesight. [mutagenic meat]
  6519 | D:5      | Gained mutation: You have sharp fingernails. [mutagenic meat]
  6616 | D:6      | Killed Grinder
  6616 | D:6      | Reached skill level 1 in Bows
  7022 | D:6      | Reached XP level 9. HP: 67/75 MP: 9/9
  7356 | D:7      | Noticed Pikel
  7414 | D:6      | Killed Pikel
  7414 | D:6      | Reached skill level 6 in Fighting
  7624 | D:7      | Reached skill level 5 in Armour
  9708 | D:8      | Reached **** piety under Qazlal
 10396 | D:8      | Noticed an oklob plant
 10468 | D:8      | Reached skill level 7 in Polearms
 10468 | D:8      | Reached skill level 5 in Shields
 10468 | D:8      | Reached XP level 10. HP: 37/84 MP: 10/10
 10507 | D:8      | HP: 4/84 [centaur (8)]
 10513 | D:8      | Slain by a yak

Vault maps used:
D:1:      shiori_arrival_elements, minmay_liquid_box
D:2:      lemuel_round_altar, led_sif_pool, grunt_qazlal_clouds
D:3:      lemuel_crystal_altar, first_bread, uniq_natasha, uniq_sigmund
D:4:      kiku_gazebo_garden_becter, ashenzari_altar_1,
          minmay_temple_entry_overgrown, enter_ossuary_2
D:5:      bloody_trog, fiery_altar_vehumet, makhleb_altar_promises_db,
          serial_shops, shop, grunt_pakellas_salt
D:6:      uniq_grinder
D:7:      serial_bayou_lake_a, uniq_pikel
D:8:      lemuel_slime, nicolae_overflow_crystal_walls,
          grunt_lair_entry_orc_guard_hut, serial_shops, shop
Ossuary:  ossuary_tomb_1

Action                   |  1- 3 |  4- 6 |  7- 9 | 10-12 || total
-------------------------+-------+-------+-------+-------++-------
Melee: Trident           |   135 |   276 |   193 |       ||   604
       Spear             |       |       |   297 |    20 ||   317
       Halberd           |       |       |   176 |       ||   176
 Fire: Shortbow          |       |       |    15 |       ||    15
  Use: Scroll            |       |       |     7 |     1 ||     8
       Potion            |       |       |       |     1 ||     1
  Eat: Chunk             |     2 |     5 |    18 |       ||    25
       Fruit             |       |       |     6 |       ||     6
